AoeStats
← hadibaaayım

Arena

508379899Analyzed
1v1 RM · 9d ago on Sep 22, 2026· 64m 27s· 2 players
Game mode
Random Map
Map size
Tiny (2 player)
Population
200
Speed
Normal
Resources
Standard
Victory
Conquest
Starting age
Dark Age
Ending age
Imperial Age
RankedLock teamsTeams togetherTeam positionsShared explorationLock speedFull tech treeHidden civsTurbo modeCheats
Victory
Defeat
🇹🇷 Franks · Türkiye
970
+14
🇮🇹 Bulgarians · Italy
925
-14
cesar salad
10:41 Feudal Age
15:03 Castle Age
13:11 Double-Bit Axe
13:34 Horse Collar
14:34 Gold Mining
15:05 Stone Mining
23:46 Fletching
24:27 Bodkin Arrow
28:28 Imperial Age
25:47 Loom
27:21 Bow Saw
27:49 Forging
27:45 Scale Barding Armor
27:42 Scale Mail Armor
29:32 Wheelbarrow
28:43 Town Watch
30:40 Iron Casting
31:38 Gold Shaft Mining
31:40 Hand Cart
32:13 Bracer
33:23 Iron Casting
33:09 Chain Barding Armor
35:21 Stone Shaft Mining
34:48 Heavy Plow
35:11 Stirrups
36:28 Plate Barding Armor
36:54 Blast Furnace
37:00 Pikeman
37:27 Gambesons
37:43 Squires
37:28 Arson
38:08 Conscription
38:33 Halberdier
38:36 Heavy Scorpion
39:42 Chain Mail Armor
39:28 Padded Archer Armor
39:02 Elite Konnik
44:00 Bloodlines
43:50 Husbandry
44:31 Plate Mail Armor
44:16 Leather Archer Armor
47:32 Masonry
47:13 Heated Shot
47:44 Ballistics
48:25 Chemistry
47:21 Murder Holes
48:39 Redemption
48:42 Light Cavalry
48:48 Elite Skirmisher
49:49 Hussar
hadibaaayım
0:42 Loom
2:01 Loom
2:29 Loom
10:55 Feudal Age
11:57 Double-Bit Axe
16:36 Castle Age
29:35 Forging
29:31 Scale Barding Armor
30:27 Wheelbarrow
29:38 Town Watch
31:45 Chain Barding Armor
32:37 Hand Cart
33:11 Hand Cart
32:57 Town Patrol
34:22 #83
34:50 Iron Casting
35:53 Gold Mining
35:53 Stone Mining
38:53 Imperial Age
37:26 Murder Holes
37:52 Ballistics
38:21 Padded Archer Armor
38:12 Fletching
39:05 Gold Shaft Mining
40:07 Conscription
40:23 Hoardings
41:10 Blast Furnace
41:24 Masonry
42:16 Chemistry
41:37 Scale Mail Armor
41:27 Elite Throwing Axeman
43:26 Bow Saw
44:35 Coinage
45:33 Architecture
47:08 Plate Barding Armor
48:07 Fortified Wall
47:59 Guard Tower
48:08 Bodkin Arrow
48:29 Leather Archer Armor
48:37 Arrowslits
53:03 Banking
53:59 Cavalier
54:40 Husbandry
54:43 Light Cavalry
56:10 Chivalry
55:43 Paladin
57:11 Siege Engineers
60:29 Scale Mail Armor
Connection lost

Rejoining the realm…

Still unreachable

The connection could not be restored.

Session expired

The server has moved on; the page needs a fresh start.